 Dungeon Crawl Stone Soup version 0.20.1-1-g8b1a95d (webtiles) character file.

493 Andry07 the Fighter (level 7, -7/50 HPs)
             Began as a Gargoyle Fighter on Oct 6, 2017.
             Killed from afar by an orc wizard (13 damage)
             ... with a puff of flame
             ... on level 4 of the Dungeon.
             The game lasted 00:05:27 (3594 turns).

Andry07 the Fighter (Gargoyle Fighter)              Turns: 3594, Time: 00:05:28

Health: -7/50      AC: 14    Str: 22    XL:     7   Next: 15%
Magic:  7/7        EV:  9    Int:  8    God:
Gold:   136        SH:  9    Dex:  9    Spells: 6/6 levels left

rFire    . . .     SeeInvis .   a - +0 flail
rCold    . . .     Gourm    .   c - +0 shield
rNeg     + + .     Faith    .   b - +0 scale mail
rPois    ∞         Spirit   .   (no helmet)
rElec    +         Reflect  .   (no cloak)
rCorr    .         Harm     +   l - +2 pair of gloves
MR       .....                  (no boots)
Stlth    ..........             j - amulet of harm
Regen    0.2/turn               h - +2 ring of evasion
MPRegen  0.1/turn               s - ring of positive energy

@: no status effects
A: negative energy resistance 1, electricity resistance, unbreathing,
petrification resistance, rot immunity, AC +4
a: no special abilities


You were on level 4 of the Dungeon.
You were not hungry.

You visited 1 branch of the dungeon, and saw 4 of its levels.
You also visited: Sewer.

You collected 136 gold pieces.

Inventory:

Hand Weapons
 a - a +0 flail (weapon)
Armour
 b - a +0 scale mail (worn)
 c - a +0 shield (worn)
 l - a +2 pair of gloves (worn)
Jewellery
 h - a +2 ring of evasion (left hand)
 j - an amulet of harm (around neck)
 s - a ring of positive energy (right hand)
Scrolls
 e - 2 scrolls of identify {unknown}
 g - 3 scrolls of teleportation {unknown}
 k - 3 scrolls of enchant armour {unknown}
 q - a scroll of remove curse {unknown}
 r - 3 scrolls of immolation {unknown}
 u - a scroll of blinking {unknown}
 v - 3 scrolls of magic mapping {unknown}
 w - a scroll of recharging {unknown}
 x - a scroll of fear {unknown}
Potions
 d - 2 potions of might
 i - a potion of lignification {unknown}
 m - 2 potions of degeneration {unknown}
 n - 2 potions of curing {unknown}
 t - 4 potions of brilliance {unknown}
 A - a potion of resistance {unknown}
Books
 p - a book of Misfortune

   Spells                             Type                      Level
   a - Confusing Touch                Hexes                        1
   b - Confuse                        Hexes                        3
   c - Gell's Gravitas                Translocation                3
   d - Petrify                        Transmutation/Earth          4
   e - Metabolic Englaciation         Hexes/Ice                    5
   f - Yara's Violent Unravelling     Hexes/Transmutation          5
Comestibles
 f - 6 bread rations
 o - 3 royal jellies
 z - a meat ration
 B - 2 chunks of flesh


   Skills:
 + Level 8.7 Fighting
 - Level 2.0 Maces & Flails
 - Level 3.2 Armour
 - Level 3.2 Shields


You had 6 spell levels left.
You didn't know any spells.

Dungeon Overview and Level Annotations

Branches:
Dungeon (4/15)
 Temple: D:4-7

Altars:
The Shining One


Innate Abilities, Weirdness & Mutations

You are resistant to torment.
Your stone body is resilient. (AC +4)
You are immune to poison.
You resist negative energy. (rN+)
You are resistant to electric shocks. (rElec)
You can survive without breathing.
You are immune to petrification.
You are immune to rotting.


Message History

You hit the orc wizard but do no damage.
The orc wizard is heavily wounded.
The orc wizard hits you but does no damage.
The orc priest begins to cast a cantrip, but forgets the words!
The orc wizard hits you but does no damage.
You block the orc wizard's attack.
You closely miss the orc wizard.
The orc wizard is heavily wounded.
The orc wizard casts a spell at you. You resist with some effort.
You block the orc wizard's attack.
The orc wizard gestures at you while chanting.
The magic dart hits you!
You sock the orc wizard!
You kill the orc wizard!
The orc wizard hits you with a dagger.
* * * LOW HITPOINT WARNING * * *
You block the orc priest's attack. The orc wizard casts a spell at you.
The puff of flame hits you!
You die...

#### .# ## #.. .. ..
# #o# #.# ###.
#.##@# #.# ..#.
###...o####.# #.#.
...........#.#.#
#.#.
##########..o#.#
#.#.
.)#####..#.######.#.
....................
..#......#.....<#.#(
#.......#####.#.#.
#...............#.


You could see an orc priest and an orc wizard.

Vanquished Creatures
  Menkaure (D:4)
  Purgy (Sewer)
  An ogre (D:4)
  An orc wizard (D:4)
  5 adders (D:2)
  2 oozes
  7 worms
  3 dart slugs
  2 leopard geckos
  An orc (D:4)
  8 bats
  5 giant cockroaches
  10 goblins
  13 hobgoblins
  3 jackals
  7 kobolds
  3 quokkas (D:3)
  2 ball pythons
  A ball python zombie (D:1)
  11 frilled lizards
  A giant cockroach zombie (D:1)
  7 rats
95 creatures vanquished.

Notes
Turn   | Place    | Note
-------+----------+-------------------------------------------
     0 | D:1      | Andry07 the Gargoyle Fighter began the quest for the Orb.
     0 | D:1      | Reached XP level 1. HP: 14/14 MP: 1/1
    81 | D:1      | Reached XP level 2. HP: 20/20 MP: 2/2
   147 | D:1      | Reached skill level 4 in Fighting
   319 | D:1      | Reached XP level 3. HP: 22/24 MP: 3/3
  1014 | D:2      | Reached skill level 5 in Fighting
  1124 | D:2      | Reached XP level 4. HP: 26/31 MP: 4/4
  1163 | D:2      | Found a glowing golden altar of the Shining One.
  1233 | D:2      | Found a faded altar of an unknown god.
  1772 | D:2      | Reached skill level 6 in Fighting
  1803 | D:2      | Reached XP level 5. HP: 8/36 MP: 5/5
  2825 | D:3      | Found a glowing drain.
  2853 | Sewer    | Entered a sewer
  2899 | Sewer    | Noticed Purgy
  2904 | Sewer    | Killed Purgy
  2904 | Sewer    | Reached skill level 7 in Fighting
  2904 | Sewer    | Reached XP level 6. HP: 36/44 MP: 6/6
  3300 | D:4      | Noticed Menkaure
  3313 | D:4      | Killed Menkaure
  3313 | D:4      | Reached skill level 8 in Fighting
  3560 | D:4      | Reached XP level 7. HP: 33/50 MP: 7/7
  3594 | D:4      | Killed from afar by an orc wizard

Skill      XL: |  1  2  3  4  5  6 |
---------------+-------------------+-----
Fighting       | 4 5 6 7 8 |  8.7
Maces & Flails | |  2.0
Armour         | |  3.2
Shields        | |  3.2

Action                   |  1- 3 |  4- 6 |  7- 9 || total
-------------------------+-------+-------+-------++-------
Melee: Flail             |   142 |   282 |    11 ||   435
  Eat: Chunk             |     1 |     7 |     2 ||    10
Armor: Scale mail        |    83 |   155 |     8 ||   246
Dodge: Dodged            |    51 |    99 |     3 ||   153
Block: Shield            |    71 |   164 |     8 ||   243
